Cogmind - Beta 12 *** ADVENTURER MODE // 2023.05.03 @ 12:10:03 Player: NED1124 Result: Destroyed by G-47 Trooper with Particle Gun Performance ------------- Evolutions (2) 1000 Regions Visited (5) 1000 Robots Destroyed (33) 165 Value Destroyed (932) 932 Prototype IDs (0) 0 Alien Tech Used (0) 0 Bonus (0) 0 TOTAL SCORE: 3097 Bonus ------- None Cogmind --------- Core Integrity 0/550 Matter 300/300 Energy 99/100 System Corruption 0% Temperature Cool (9) Movement Core (50) Location -8/Materials Parts ------- > --- POWER (1) -------- (None) > --- PROPULSION (3) --- (None) > --- UTILITY (5) ------ (None) > --- WEAPON (2) ------- (None) > --- INVENTORY (5) ---- Light Ion Engine Light Ion Engine Light Nuclear Core Medium Storage Unit Targeting Computer Peak State ------------ > --- POWER ------------ Light Nuclear Core > --- PROPULSION ------- Aluminum Leg Aluminum Leg Aluminum Leg > --- UTILITY ---------- Small Storage Unit Machine Analyzer Improved Signal Interpreter Targeting Computer ECM Suite > --- WEAPON ----------- Light Assault Rifle Heavy Assault Rifle > --- INVENTORY -------- Light Ion Engine Light Ion Engine Light Ion Engine Improved Ion Engine Light Nuclear Core Targeting Computer Power Shielding [Rating: 19] Favorites ----------- Power Ion Engine Engine Ion Engine Power Core Light Nuclear Core Propulsion Aluminum Leg Leg Aluminum Leg Utility Small Storage Unit Device ECM Suite Storage Small Storage Unit Processor Targeting Computer Protection Power Shielding Weapon Light Assault Rifle Energy Gun EM Pulse Gun Ballistic Gun Light Assault Rifle Slashing Weapon Mining Claw Build | -11 -10 -10 -9 -9 -8 ------- Run | Jun Mat Min Mat Min Mat Slots Evolved 4 | . . . 2 . 2 Power . | . . . . . . Propulsion 1 | . . . 1 . . Utility 3 | . . . 1 . 2 Weapon . | . . . . . . Parts Attached 37 | 6 5 3 3 . 20 Power 7 | 1 1 . 1 . 4 Engine 5 | 1 1 . 1 . 2 Core 2 | . . . . . 2 Reactor . | . . . . . . Propulsion 13 | 2 2 1 1 . 7 Treads . | . . . . . . Leg 13 | 2 2 1 1 . 7 Wheel . | . . . . . . Hover . | . . . . . . Flight . | . . . . . . Utility 7 | 1 1 . 1 . 4 Device 1 | . . . . . 1 Storage 1 | 1 . . . . . Processor 3 | . 1 . . . 2 Hackware . | . . . . . . Protection 2 | . . . 1 . 1 Artifact . | . . . . . . Weapon 10 | 2 1 2 . . 5 Energy Gun 1 | 1 . . . . . Energy Cannon . | . . . . . . Ballistic Gun 8 | 1 1 2 . . 4 Ballistic Cannon . | . . . . . . Launcher . | . . . . . . Special Weapon . | . . . . . . Impact Weapon . | . . . . . . Slashing Weapon 1 | . . . . . 1 Piercing Weapon . | . . . . . . Special Melee Weapon . | . . . . . . Unidentified Prototypes . | . . . . . . Parts Lost 8 | . 1 . . . 7 Power . | . . . . . . Propulsion 3 | . . . . . 3 Utility 2 | . . . . . 2 Weapon 3 | . 1 . . . 2 Highest Loss Streak 3 | . 1 . . . 3 To Critical Strikes 1 | . . . . . 1 Average Slot Usage (%) 95 | . 95 100 95 100 86 Engine 11 | . 14 14 11 11 6 Leg 27 | . 28 28 33 33 23 Storage 11 | . 14 14 11 11 8 Processor 14 | . 10 14 11 11 20 Protection 4 | . . . 6 11 9 Energy Gun 1 | . 10 . . . . Ballistic Gun 21 | . 17 28 22 22 15 Naked Turns 52 | . . . . . 52 Heaviest Build 18 | 12 14 13 15 15 18 Greatest Support 30 | 20 20 20 30 30 30 Greatest Overweight (x) 3 | 3 . . . . 3 Average Overweight (x) . | . . . . . . Largest Inventory Capacity 8 | 8 8 8 8 8 8 Average Capacity 7 | 7 8 8 8 8 7 Most Carried 8 | 2 8 8 8 8 8 Average Carried 7 | 1 6 8 7 8 7 Final Capacity 8 | 8 8 8 8 8 5 Final Carried 8 | 2 8 8 8 8 5 Class Distribution -------------------- 69% | Mutant 30% | Scavenger-Mutant Dominant Class ---------------- Mutant | -10/Materials Mutant | -10/Mines Scavenger-Mutant | -9/Materials Scavenger-Mutant | -9/Mines Mutant | -8/Materials Resources | -11 -10 -10 -9 -9 -8 ----------- Run | Jun Mat Min Mat Min Mat Matter Collected 790 | 251 67 112 66 . 294 Remotely . | . . . . . . Salvage Created 1115 | . 213 305 92 . 505 Parts 79 | . 20 20 6 . 33 Haulers Intercepted . | . . . . . . Recyclers Shooed . | . . . . . . Parts Field Recycled . | . . . . . . Retrieved Matter . | . . . . . . Parts Self-Destructed . | . . . . . . Prevented . | . . . . . . Kills | -11 -10 -10 -9 -9 -8 ------- Run | Jun Mat Min Mat Min Mat Combat Hostiles Destroyed 30 | . 6 10 2 . 12 Melee 1 | . . . . . 1 Guns 29 | . 6 10 2 . 11 Classes Destroyed 5 | . 3 1 . . 1 Worker 1 | . . . . . 1 Watcher 2 | . 2 . . . . Swarmer 13 | . 3 6 . . 4 Grunt 13 | . 3 2 1 . 7 Sentry 4 | . . 2 1 . 1 Best Kill Streak 3 | . 3 3 2 . 3 Combat Bots Only 3 | . 3 3 2 . 3 Max Kills in Single Turn 1 | . 1 1 1 . 1 Gunslinging . | . . . . . . Exploded . | . . . . . . Melee 1 | . . . . . 1 Uniques/NPCs Destroyed . | . . . . . . Combat | -11 -10 -10 -9 -9 -8 -------- Run | Jun Mat Min Mat Min Mat Damage Taken 2265 | . 187 309 91 49 1629 Core 700 | . . 86 39 17 558 Absorbed by Shields . | . . . . . . Redirected to Shielding 148 | . . . . 2 146 Core Remaining (%) 83 | 100 . 65 . 86 . Volleys Fired 117 | . 11 21 8 . 77 Largest 2 | . 2 2 2 . 2 Hottest 60 | . 60 40 40 . 43 Shots Fired 213 | . 22 42 16 . 133 Gun 213 | . 22 42 16 . 133 Cannon . | . . . . . . Launcher . | . . . . . . Special . | . . . . . . Kinetic 205 | . 14 42 16 . 133 Thermal . | . . . . . . Explosive . | . . . . . . Electromagnetic 8 | . 8 . . . . Robot Hit Streak 48 | . 17 25 23 . 48 Robot Miss Streak 3 | . 1 1 . . 3 Penetration Max . | . . . . . . Secondary Targets 6 | . 1 4 . . 1 Max Gunslinging Chain 1 | . 1 1 . . 1 Shots Hit Robots 187 | . 20 37 16 . 114 Core Hits 78 | . 13 18 5 . 42 Critical Kills 3 | . . 2 . . 1 Critical Parts Destroyed 1 | . . . . . 1 Critical Strikes 4 | . . 2 . . 2 Destroy 4 | . . 2 . . 2 Melee Attacks . | . . . . . . Impact . | . . . . . . Slashing . | . . . . . . Piercing . | . . . . . . Sneak Attacks . | . . . . . . Combat Hostiles . | . . . . . . Follow-up Attacks . | . . . . . . Damage Inflicted 1920 | . 372 407 126 20 995 Guns 1670 | . 240 391 126 . 913 Cannons . | . . . . . . Explosions 130 | . 130 . . . . Melee . | . . . . . . Ramming 120 | . 2 16 . 20 82 Kinetic 1567 | . 137 391 126 . 913 Thermal 130 | . 130 . . . . Explosive . | . . . . . . Electromagnetic 103 | . 103 . . . . Impact . | . . . . . . Slashing . | . . . . . . Piercing . | . . . . . . Highest Corruption . | . . . . . . Average Corruption . | . . . . . . Corruption Purged . | . . . . . . Corruption Blocked . | . . . . . . Overload Shots . | . . . . . . Overflow Damage 7 | . 7 . . . . Projectiles . | . . . . . . Explosions 7 | . 7 . . . . Melee . | . . . . . . Knockbacks 1 | . . 1 . . . Impact 1 | . . 1 . . . Kinetic . | . . . . . . Secondary . | . . . . . . Self-Inflicted Damage 95 | . 74 . . . 21 Shots 2 | . 2 . . . . Rammed 11 | . . . . . 11 Targets Rammed 28 | . 1 7 . 2 18 Kicked 17 | . 1 7 . 2 7 Crushed . | . . . . . . Highest Temperature 51 | . 51 16 6 . 30 Average Temperature 11 | . 33 8 3 . 6 Received Heat Transfer 1251 | . 72 132 57 36 954 Siege Activations . | . . . . . . Robots Corrupted . | . . . . . . Combat Hostiles . | . . . . . . Parts Fried 1 | . 1 . . . . Impact Corruptions . | . . . . . . Robots Melted . | . . . . . . Combat Hostiles . | . . . . . . Parts Melted . | . . . . . . Heat Transferred 150 | . 150 . . . . Parts Sabotaged . | . . . . . . Parts Stolen . | . . . . . . Parts Stripped . | . . . . . . Power Chain Reactions 2 | . 2 . . . . Missiles Intercepted . | . . . . . . Alert | -11 -10 -10 -9 -9 -8 ------- Run | Jun Mat Min Mat Min Mat Peak Influence 258 | . 226 258 120 39 218 Initial 74 | . . 74 22 39 12 Average 93 | . 87 122 64 39 102 Maximum Alert Level 1 | . 1 1 . . 1 Low Security (%) 82 | 100 86 60 100 100 96 Level 1 17 | . 13 39 . . 4 Level 2 . | . . . . . . Level 3 . | . . . . . . Level 4 . | . . . . . . Level 5 . | . . . . . . High Security . | . . . . . . Max Security . | . . . . . . Squads Dispatched 5 | . . . 2 . 3 Investigation 3 | . . . 2 . 1 Extermination . | . . . . . . Reinforcement 2 | . . . . . 2 Assault . | . . . . . . Garrison . | . . . . . . Intercept . | . . . . . . Searches Triggered . | . . . . . . Construction Impeded . | . . . . . . Haulers Reinforced . | . . . . . . Active Scanning Responses . | . . . . . . Cargo Convoy Interrupts . | . . . . . . Stealth | -11 -10 -10 -9 -9 -8 --------- Run | Jun Mat Min Mat Min Mat Distress Signals 3 | . 1 . . . 2 Communications Jammed . | . . . . . . Distress Signals . | . . . . . . Times Spotted 62 | . 11 10 4 3 34 Peak Tracking Total 10 | . 3 3 3 3 10 Tactical Retreats 6 | . . . . . 6 Traps | -11 -10 -10 -9 -9 -8 ------- Run | Jun Mat Min Mat Min Mat Traps Triggered 1 | . . . 1 . . Indirectly . | . . . . . . Trap Hack Attempts . | . . . . . . Triggered . | . . . . . . Disarmed 4 | . . . . . 4 Reprogrammed . | . . . . . . Reused . | . . . . . . Traps Extracted . | . . . . . . Installed . | . . . . . . Triggered . | . . . . . . Machines | -11 -10 -10 -9 -9 -8 ---------- Run | Jun Mat Min Mat Min Mat Machines Disabled 3 | . 2 1 . . . Max in Single Turn 2 | . 2 1 . . . Machines Repaired . | . . . . . . Machines Sabotaged . | . . . . . . Overloaded Fab Kills . | . . . . . . Hacking | -11 -10 -10 -9 -9 -8 --------- Run | Jun Mat Min Mat Min Mat Machines Accessed 5 | . 2 . 1 . 2 Terminals 5 | . 2 . 1 . 2 Fabricators . | . . . . . . Repair Stations . | . . . . . . Recycling Units . | . . . . . . Scanalyzers . | . . . . . . Garrison Access . | . . . . . . Total Hacks 19 | . 6 . 2 . 11 Successful 10 | . 4 . 1 . 5 Failed 9 | . 2 . 1 . 6 Catastrophic 3 | . 2 . 1 . . Database Lockouts . | . . . . . . Manual 3 | . 2 . 1 . . Terminals 19 | . 6 . 2 . 11 Fabricators . | . . . . . . Repair Stations . | . . . . . . Recycling Units . | . . . . . . Scanalyzers . | . . . . . . Garrison Access . | . . . . . . Terminal Hacks 10 | . 4 . 1 . 5 Record 2 | . 2 . . . . Alert Level 1 | . 1 . . . . Locate Traps 3 | . 1 . 1 . 1 Disarm Traps 1 | . . . . . 1 Dispatch Records 1 | . . . . . 1 Patrol Status 1 | . . . . . 1 Assault Status 1 | . . . . . 1 Fabricator Hacks . | . . . . . . Repair Station Hacks . | . . . . . . Recycling Unit Hacks . | . . . . . . Scanalyzer . | . . . . . . Garrison Access Hacks . | . . . . . . Unauthorized Hacks . | . . . . . . Terminals . | . . . . . . Fabricators . | . . . . . . Repair Stations . | . . . . . . Recycling Units . | . . . . . . Scanalyzers . | . . . . . . Garrison Access . | . . . . . . Data Cores Recovered . | . . . . . . Used . | . . . . . . Hacking Detections 4 | . 1 . 1 . 2 Full Trace Events 3 | . . . 1 . 2 Feedback Events . | . . . . . . Feedback Blocked . | . . . . . . Robot Schematics Acquired . | . . . . . . Robots Built . | . . . . . . Authchips . | . . . . . . Time . | . . . . . . Total Robot Build Rating . | . . . . . . Part Schematics Acquired . | . . . . . . Parts Built . | . . . . . . Authchips . | . . . . . . Time . | . . . . . . Total Part Build Rating . | . . . . . . Parts Repaired . | . . . . . . Time . | . . . . . . Parts Recycled . | . . . . . . Recycled Matter . | . . . . . . Retrieved Matter . | . . . . . . Retrieved Components . | . . . . . . Parts Scanalyzed . | . . . . . . Part Schematics Acquired . | . . . . . . Parts Damaged . | . . . . . . Bothacking | -11 -10 -10 -9 -9 -8 ------------ Run | Jun Mat Min Mat Min Mat Used RIF Installer . | . . . . . . Robots Hacked . | . . . . . . Non-combat . | . . . . . . Combat . | . . . . . . Robot Hacks Applied . | . . . . . . Relay Couplers Released . | . . . . . . Fabnet Peak Effective % . | . . . . . . Robots Rewired . | . . . . . . Allies Hacked . | . . . . . . Hacks Repelled . | . . . . . . Allies | -11 -10 -10 -9 -9 -8 -------- Run | Jun Mat Min Mat Min Mat Total Allies . | . . . . . . Largest Group . | . . . . . . Highest-Rated Group . | . . . . . . Highest-Rated Ally . | . . . . . . Total Orders . | . . . . . . Ally Attacks . | . . . . . . Total Damage . | . . . . . . Kills . | . . . . . . Allies Corrupted . | . . . . . . Allies Melted . | . . . . . . Intel | -11 -10 -10 -9 -9 -8 ------- Run | Jun Mat Min Mat Min Mat Robot Analysis Total . | . . . . . . Derelict Logs Recovered 3 | . . 2 . 1 . Drone Launches . | . . . . . . Drone Recoveries . | . . . . . . Exploration | -11 -10 -10 -9 -9 -8 ------------- Run | Jun Mat Min Mat Min Mat Turns Passed 2302 | 88 319 852 174 269 600 Spaces Moved 1636 | 63 226 651 125 223 348 Core 98 | 15 . . . . 83 Treads . | . . . . . . Legs 1538 | 48 226 651 125 223 265 Wheels . | . . . . . . Hover . | . . . . . . Flight . | . . . . . . Fastest Speed 50 | 50 120 120 120 120 50 Average Speed 116 | 123 120 120 120 120 104 Slowest Speed 200 | 200 120 120 120 120 200 Overloaded Moves . | . . . . . . Propulsion Burnouts . | . . . . . . Robots Hopped . | . . . . . . Cave-ins Triggered . | . . . . . . Exploration Rate (%) 37 | 4 22 87 22 57 31 Regions Visited 5 Branch Regions 2 Pre-discovered Areas . | . . . . . . Known Exits Taken . | . . . . . . Unknown Exits Taken 5 | 1 1 1 1 1 . Scrap Searched . | . . . . . . Spaces Dug . | . . . . . . Terrain Destroyed 3 | . 3 . . . . Melee . | . . . . . . Projectile . | . . . . . . AOE 3 | . 3 . . . . Terrain Rammed . | . . . . . . Walls Destroyed . | . . . . . . Machines Disabled . | . . . . . . Actions | -11 -10 -10 -9 -9 -8 --------- Run | Jun Mat Min Mat Min Mat Total 1844 | 70 254 684 135 224 477 Wait . | . . . . . . Move 1631 | 62 225 650 124 222 348 Hop . | . . . . . . Pick Up 14 | 2 8 . . . 4 Fast Attach 14 | 6 1 . 1 . 6 Attach 9 | . 1 . 1 . 7 Detach 2 | . . . . . 2 Swap 14 | . 3 3 1 . 7 Drop 15 | . 4 3 . . 8 Fire 117 | . 11 21 8 . 77 Melee . | . . . . . . Ram 11 | . . . . . 11 Kick 17 | . 1 7 . 2 7 Crush . | . . . . . . Escape Stasis . | . . . . . . Rewire . | . . . . . . Trap . | . . . . . . Miscellaneous . | . . . . . . Route ------- -11/Junkyard -10/Materials -10/Mines -9/Materials -9/Mines -8/Materials History --------- Turn | Location | Event 15 | -11/Junkyard | Discovered new exit (range 16) 89 | -11/Junkyard | Entered Materials 311 | -10/Materials | Build established: Mutant 363 | -10/Materials | Discovered new exit (range 12) 408 | -10/Materials | Entered Mines 602 | -10/Mines | Learned Materials terminal intel 610 | -10/Mines | Learned Materials terminal intel 959 | -10/Mines | Received a Rocket Launcher from a helpful Derelict 1219 | -10/Mines | Discovered new exit (range 14) 1260 | -10/Mines | Entered Materials 1260 | -9/Materials | Evolved 2 slots: Propulsion x1, Utility x1 1261 | -9/Materials | Loaded intel: 12 terminal locations 1418 | -9/Materials | Discovered new exit (range 12) 1434 | -9/Materials | Entered Mines 1548 | -9/Mines | Build established: Scavenger-Mutant 1613 | -9/Mines | Learned Materials garrison access intel 1689 | -9/Mines | Discovered new exit (range 8) 1703 | -9/Mines | Entered Materials 1703 | -8/Materials | Evolved 2 slots: Utility x2 1704 | -8/Materials | Loaded intel: 12 terminal locations 1705 | -8/Materials | Loaded intel: 1 garrison access location 2127 | -8/Materials | Lost 3 parts (3n) 2251 | -8/Materials | Released all parts (10) 2268 | -8/Materials | Core integrity fell below 50% 2289 | -8/Materials | Core integrity fell below 20% 2303 | -8/Materials | Destroyed by G-47 Trooper with Particle Gun Last Messages --------------- 02251_ Released Aluminum Leg. 02251_ Released Imp. Signal Interpreter. 02251_ Released Machine Analyzer. 02251_ Released Hvy. Assault Rifle. 02251_ Released Lgt. Nuclear Core. 02256_ M-13 Machinist repairs G-47 Trooper. 02257_ Critical hit (Burn: +37). 02266_ Dropped Power Shielding. 02266_ Acquired Med. Storage Unit. 02279_ Slammed into S-10 Pest. 02279_ S-10 Pest destroyed. [Achievement: Fist Fight] 02280_ Acquired 10 matter. 02280_ Slammed into T-07 Excavator. 02281_ Slammed into L-31 Rogue. 02283_ Slammed into G-47 Trooper. 02284_ Critical hit (Burn: +37). 02285_ Slammed into G-47 Trooper. 02289_ Slammed into M-13 Machinist. 02298_ Slammed into Y-45 Defender. Map ----- +----------------------------------------------------+ | ?????????????????????????#""" #????????????????? | | ?????????????????????????#""" #????????????????? | | ?????????????????????????# [#??####??????????? | | ?????????????????????????######+#? #??????#### | | ??????????????????????????##! =%# """ #?????? | | ??????????????????????????# ! %# "R" #????""" T | | ??????????????????????????#! %/ " " #??? """ | | ??????????????????????????#! %# #??? """ | | ??????????????????????????#! %# !#??# | | ??????????????????????????##! %#?######??# """ | | ???????????????????????????#### #???????????""" | | ???????????????????############%#??#####????""" | | ???????????????????# ##%#??#"""#?????? = | | ???????????????????# """"" ##%####"T"#########/# | | ???????????????????# """"" # =*!% | | ???????????????????# """"" / [*% | | ???????????????????# # [=* | | ???????????????????# g # ############## | | ???????????????????# # #????????????# | | ???????????????????# % # #????????????# | | ???????????????????#######s### #????????????# | | ???????????????????????# Y%#?# #????????????# | | ???????????????????????#[* ### #????????????# | | ???????????????????????#[* ## #???"""??????# | | ???????????????????????#[* ### #???"T???????+ | | ???????????????????????# @ #?# #???"""??????# | | ???????????????????????# ] #?# #????????????# | | ???????????????????????# #?# #????????????# | | ???????????????????????##Y##? ????????????# | | ???????????????????????? ??? ?????????? | | ???????????????????????? ??? ?????????????# | | ???????????????????????? ????????????????????### | | ????????????????????????#+##?????????????????????? | | ?????????????????????????????????????????????????? | | ?????????????????????????????????????????????????? | | ?????????????????????????????????????????????????? | | ?????????????????????????????????????????????????? | | ?????????????????????????????????????????????????? | | ?????????????????????????????????????????????????? | | ?????????????????????????????????????????????????? | | ?????????????????????????????????????????????????? | | ?????????????????????????????????????????????????? | | ?????????????????????????????????????????????????? | | ?????????????????????????????????????????????????? | | ?????????????????????????????????????????????????? | | ?????????????????????????????????????????????????? | | ?????????????????????????????????????????????????? | | ?????????????????????????????????????????????????? | | ?????????????????????????????????????????????????? | | ????????????????????????????????????????????????"" | +----------------------------------------------------+ Best States ------------- Heat Dissipation 31 Energy Generation 14 Energy Capacity 265 Matter Stores 300 Matter Capacity 300 Sight Range 16 Terrain Scan Density 10 ECM Strength 1 Resistance: KI 20 Resistance: TH 20 Resistance: EX 20 Resistance: EM 20 Resistance: I 20 Resistance: S 20 Resistance: P 20 Power Shielding 33 Propulsion Shielding 66 Evasion (%) 55 Targeting Accuracy 5 Offensive Hacking 10 Item Schematics ----------------- None Robot Schematics ------------------ None Fabricated ------------ Nothing Alien Tech Used ----------------- None Achievements -------------- Fist Fight Challenges ------------ None Game ------ Seed BiomechanicalChipCannon Manual? 0 Play Time 00:33:25 Cumulative 34.6 hours Start 2023.05.03 @ 11:37:59 End 2023.05.03 @ 12:10:03 Sessions 1 Manual Loads 0 Difficulty Adventurer Special Mode None Game No. 63 Rogue 0 Adventurer 2 Explorer 61 Win Type - Total 0 Types 0/0/0/0/0/0/0/0/0 Lore% 7 Gallery% 28 Achievement% 23 Wizard Run 0 Options --------- ASCII 0 Keyboard 1 Movement Arrows Keybinds 0 Fullscreen 1 Font 18/SmallcapsGlow Map View 76x50 Tactical HUD 1 Map Filters NONE Filters NONE Steam 1 RUN: 43f0bbe4-f217-4adf-9238-5b5dd9389f93